 Dungeon Crawl Stone Soup version 0.20-a0-432-g25cc1b4 (webtiles) character file.

149 Mogwied the Covered (level 5, 46/47 HPs)
             Began as a Minotaur Fighter on Jan 2, 2017.
             Quit the game on level 3 of the Dungeon.
             The game lasted 00:05:48 (1945 turns).

Mogwied the Covered (Minotaur Fighter)              Turns: 1945, Time: 00:05:49

Health: 46/47      AC:  9    Str: 24    XL:     5   Next: 9%
Magic:  4/4        EV:  8    Int:  5    God:
Gold:   73         SH: 10    Dex: 11    Spells: 4/4 levels left

rFire  . . .     SeeInvis .     a - +0 war axe
rCold  . . .     Gourm    .     b - +0 scale mail
rNeg   . . .     Faith    .     c - +0 shield
rPois  .         Spirit   .     (helmet restricted)
rElec  .         Reflect  .     k - +1 cloak
rCorr  .         Harm     .     (no gloves)
MR     .....                    (no boots)
Stlth  ..........               (no amulet)
                                (no ring)
                                g - +4 ring of strength

@: no status effects
A: retaliatory headbutt, horns 2
a: no special abilities


You were on level 3 of the Dungeon.
You were not hungry.

You visited 1 branch of the dungeon, and saw 3 of its levels.

You collected 73 gold pieces.

Inventory:

Hand Weapons
 a - a +0 war axe (weapon)
 l - a +0 mace of holy wrath
Armour
 b - a +0 scale mail (worn)
 c - a +0 shield (worn)
 k - a +1 cloak (worn)
Jewellery
 g - a +4 ring of strength (left hand)
Scrolls
 e - a scroll of random uselessness {unknown}
 h - 2 scrolls of remove curse {unknown}
 i - a scroll of identify {unknown}
 j - a scroll of fog {unknown}
Comestibles
 f - 2 bread rations


   Skills:
 + Level 4.5 Fighting
 + Level 3.6 Axes
 + Level 4.8 Armour
 + Level 0.7 Dodging
 + Level 0.3 Stealth
 + Level 4.6 Shields


You had 4 spell levels left.
You didn't know any spells.

Dungeon Overview and Level Annotations

Branches:
Dungeon (3/15)

Altars:

Annotations:
D:1 exclusion: 2 downstairs


Innate Abilities, Weirdness & Mutations

You reflexively headbutt those who attack you in melee.
You have a pair of horns on your head.


Message History

Uppercase [Y]es or [N]o only, please.
Keep equipping yourself?
You continue putting on your glowing cloak. x3
You finish putting on your +1 cloak.
You completely miss the frilled lizard.
Your headbutt misses the frilled lizard.
The frilled lizard bites you. The frilled lizard misses you.
You closely miss the frilled lizard.
Your headbutt misses the frilled lizard.
The frilled lizard bites you but does no damage.
You barely miss the frilled lizard. You block the frilled lizard's attack.
The frilled lizard bites you but does no damage.
You closely miss the frilled lizard.
The frilled lizard bites you but does no damage.
You closely miss the frilled lizard. You headbutt the frilled lizard.
You kill the frilled lizard!
No target in view!
No target in view!
You aren't carrying any potions.
Are you sure you want to abandon this character and quit the game? (Confirm with "yes".)

##+## # ##...##
#.#### ##.....##
#..... ##.......##
###....###.........#
.........@...<.....+
###....###.........#
....$#. ##......<##
#### #. ##.....## ..
##...## #l ##+## ..
..


There were no monsters in sight!

Vanquished Creatures
  Crazy Yiuf (D:2)
  4 adders (D:2)
  4 gnolls (D:2)
  A worm (D:2)
  2 dart slugs (D:1)
  3 leopard geckos
  4 bats
  3 giant cockroaches (D:1)
  4 goblins
  3 hobgoblins (D:1)
  5 kobolds
  2 frilled lizards
  4 rats
40 creatures vanquished.

Notes
Turn   | Place    | Note
-------+----------+-------------------------------------------
     0 | D:1      | Mogwied the Minotaur Fighter began the quest for the Orb.
     0 | D:1      | Reached XP level 1. HP: 19/19 MP: 0/0
   169 | D:1      | Reached XP level 2. HP: 21/27 MP: 1/1
   791 | D:2      | Reached XP level 3. HP: 29/33 MP: 2/2
  1328 | D:2      | Reached XP level 4. HP: 31/41 MP: 3/3
  1716 | D:2      | Found a runed door.
  1720 | D:2      | Noticed Crazy Yiuf
  1727 | D:2      | Killed Crazy Yiuf
  1727 | D:2      | Reached XP level 5. HP: 23/47 MP: 4/4
  1945 | D:3      | Quit the game

Vault maps used:
D:1:      minmay_arrival_shattered_statue
D:2:      uniq_crazy_yiuf_cottage
D:3:      uniq_robin, uniq_grinder

Skill      XL: |  1  2  3 |
---------------+----------+-----
Fighting       | 4 |  4.5
Armour         | 4 |  4.8
Shields        | 4 |  4.6
Axes           | 3 |  3.6
Dodging        | |  0.7
Stealth        | |  0.3

Action                   |  1- 3 |  4- 6 || total
-------------------------+-------+-------++-------
Melee: War axe           |    74 |    23 ||    97
       Headbutt          |     8 |     3 ||    11
  Use: Potion            |       |     1 ||     1
  Eat: Chunk             |       |     3 ||     3
Armor: Scale mail        |    34 |     6 ||    40
Dodge: Dodged            |    29 |     2 ||    31
Block: Shield            |    41 |    11 ||    52
